 Dungeon Crawl Stone Soup version 0.32-a0-314-g526f7d4993 (webtiles) character file.

Game seed: 17645864548820847130

2006 retardedninja the Chopper (level 9, -3/69 (79) HPs)
             Began as a Mountain Dwarf Fighter on Feb 15, 2024.
             Slain by a wight
             ... wielding a +0 short sword
              (6 damage)
             ... on level 6 of the Dungeon.
             The game lasted 00:07:02 (5405 turns).

retardedninja the Chopper (Mountain Dwarf Fighter)  Turns: 5405, Time: 00:07:02

HP:   -3/69 (79)    AC: 11    Str: 23    XL:     9   Next: 2%
MP:   9/9           EV:  8    Int: 15    God:
Gold: 395           SH:  5    Dex:  9    Spells: 8/8 levels left

rFire   . . .        a - +0 war axe
rCold   . . .        c - +0 buckler
rNeg    . . .        i - +0 chain mail
rPois   .            (no helmet)
rElec   .            j - +0 cloak
rCorr   .            (no gloves)
SInv    .            (no boots)
Will    +....        (no amulet) Stlth
                     d - +6 ring of intelligence
HPRegen 0.31/turn    (no ring)
MPRegen 0.11/turn

%: no passive effects
@: enlightened, flying, heavily drained
A: runic magic, artefact enchanting
a: no special abilities


You were on level 6 of the Dungeon.
You visited 1 branch of the dungeon, and saw 6 of its levels.

You collected 395 gold pieces.

Inventory:

Hand Weapons
 a - a +0 war axe (weapon)
Armour
 c - a +0 buckler (worn)
 i - a +0 chain mail (worn)
 j - a +0 cloak (worn)
Jewellery
 d - a +6 ring of intelligence (left hand)
Wands
 q - a wand of flame (5)
 s - a wand of digging (6)
Scrolls
 b - 2 scrolls of teleportation {unknown}
 f - a scroll of amnesia
 l - a scroll of noise {unknown}
 n - a scroll of enchant armour {unknown}
 p - a scroll of immolation {unknown}
 r - a scroll of poison {unknown}
 u - a scroll of vulnerability {unknown}
 v - a scroll of identify
Potions
 m - 2 potions of cancellation
 t - a potion of degeneration {unknown}


   Skills:
 + Level 7.3 Fighting
 + Level 7.3 Axes
 + Level 7.2 Armour
 + Level 7.3 Shields


You had 8 spell levels left.
You didn't know any spells.
Your spell library contained the following spells:

 Spells                   Type           Power      Damage    Failure   Level
 Summon Small Mammal      Summ           0%         N/A       43%         1
 Mercury Vapours          Alch/Air       0%         N/A       56%         2
 Call Canine Familiar     Summ           0%         N/A       80%         3
 Fugue of the Fallen      Necr           0%         N/A       80%         3
 Mephitic Cloud           Conj/Alch/Air  0%         N/A       80%         3
 Ozocubu's Armour         Ice            0%         N/A       80%         3
 Manifold Assault         Tloc           0%         N/A       99%         4
 Summon Blazeheart Golem  Fire/Summ      0%         N/A       99%         4
 Freezing Cloud           Conj/Ice/Air   0%         6-21      100%        5


Dungeon Overview and Level Annotations

Branches:
Dungeon (6/15)
 Temple: D:4-7

Altars:
Ashenzari
Wu Jian

Shops:
D:6 (


Innate Abilities, Weirdness & Mutations

Your spellcasting is much less encumbered by armour.
You can use scrolls of enchantment on lesser artefacts.


Message History

You hit the wight.
The wight is severely damaged.
You hit the wight. You block the wight's attack.
The wight hits you with a +0 short sword.
The wight attacks as it pursues you! The wight barely misses you.
You hit the wight but do no damage.
The wight is severely damaged.
You closely miss the wight. The wight hits you with a +3 battleaxe!
* * * LOW HITPOINT WARNING * * *
You feel drained.
* * * LOW HITPOINT WARNING * * *
The wight hits you with a +0 short sword.
* * * LOW HITPOINT WARNING * * *
You feel drained.
You feel better. You block the wight's attack. The wight completely misses you.
You hit the wight but do no damage.
The wight is severely damaged.
You hit the wight but do no damage. The wight hits you with a +3 battleaxe!
* * * LOW HITPOINT WARNING * * *
You feel drained.
* * * LOW HITPOINT WARNING * * *
The wight hits you with a +0 short sword.
* * * LOW HITPOINT WARNING * * *
You feel drained.
You feel better. The wight closely misses you.
The wight hits you but does no damage.
It was a potion of enlightenment.
You feel very buoyant.
You fly up into the air.
The wight hits you with a +3 battleaxe!
* * * LOW HITPOINT WARNING * * *
The wight completely misses you.
Okay, then.
As you read the scroll labelled QENUMEUTHRA, it crumbles to dust.
It is a scroll of amnesia.
You feel forgetful for a moment. The wight hits you with a +3 battleaxe.
* * * LOW HITPOINT WARNING * * *
You feel drained.
* * * LOW HITPOINT WARNING * * *
The wight hits you with a +0 short sword.
You die...

#.........###.###.
...
#.###......##.##..
..# ##......#.# ..
#..## #...##..#.#
#.?..
##..######.#### #...
##..## #...#.. #..
##§.## #.#.#..
#####.§###§§.#
##.#.###
......§§z@§§##
#..#..#
......§§z§§§#
##.###.##
....#########
###..#.#.†# ###
####...##.##..
#######....###...###
#.....).####[..#...#
#.#####....###...###
#.########...##)##..
# ######.....##
###..#.#..#


You could see 2 wights.

Vanquished Creatures
  Sigmund (D:4)
  Edmund (D:4)
  3 ice beasts (D:6)
  2 ogres
  A centaur (D:6)
  A phantom (D:6)
  A scorpion (D:4)
  5 wights (D:6)
  3 jellies
  A howler monkey (D:5)
  2 bombardier beetles
  2 orc priests
  2 hounds
  A sleepcap (D:6)
  2 iguanas
  3 orc wizards
  6 gnolls
  11 adders
  2 ufetubi (D:3)
  2 dart slugs
  12 orcs
  6 endoplasms
  2 giant cockroaches
  7 goblins
  5 hobgoblins
  3 jackals (D:3)
  6 kobolds
  4 quokkas
  9 ball pythons
  9 bats
  3 frilled lizards
  4 rats
  A spectral kobold (D:3)
123 creatures vanquished.

Notes
Turn   | Place    | Note
-------+----------+-------------------------------------------
     0 | D:1      | retardedninja the Mountain Dwarf Fighter began the quest
                  | for the Orb.
     0 | D:1      | Reached XP level 1. HP: 19/19 MP: 1/1
     6 | D:1      | Noticed a komodo dragon
     6 | D:1      | Noticed a hound
     6 | D:1      | Noticed a black bear
     7 | D:1      | Noticed a wyvern
   177 | D:1      | Reached XP level 2. HP: 18/26 MP: 2/2
   379 | D:1      | Reached XP level 3. HP: 27/31 MP: 3/3
   766 | D:2      | Reached XP level 4. HP: 34/40 MP: 4/4
  1197 | D:3      | Noticed an ogre
  1202 | D:3      | Reached XP level 5. HP: 39/46 MP: 5/5
  1208 | D:3      | Killed an ogre
  1260 | D:3      | Reached XP level 6. HP: 27/53 MP: 6/6
  2153 | D:3      | Found a faded altar of an unknown god.
  2335 | D:4      | Identified the +4 spear of Chaos {flame, rC+ Dex+3}
  2344 | D:4      | Reached skill level 5 in Fighting
  2344 | D:4      | Reached skill level 5 in Shields
  2832 | D:3      | Reached skill level 5 in Armour
  2910 | D:4      | Found an ornate altar of the Wu Jian Council.
  2914 | D:4      | Found a broken altar of Ashenzari.
  2968 | D:4      | Reached XP level 7. HP: 53/61 MP: 7/7
  2977 | D:4      | Reached skill level 5 in Axes
  3119 | D:4      | Noticed Sigmund
  3142 | D:4      | Killed Sigmund
  3296 | D:4      | Noticed Edmund
  3319 | D:4      | Killed Edmund
  3596 | D:5      | Entered Level 5 of the Dungeon
  4190 | D:6      | Reached XP level 8. HP: 56/70 MP: 8/8
  4251 | D:6      | Found Riggeqas's Weapon Shop.
  5389 | D:6      | Reached XP level 9. HP: 58/79 MP: 9/9
  5405 | D:6      | HP: 3/69 [wight/+3 battleaxe (2)]
  5405 | D:6      | Slain by a wight

Illustrated notes

Levels and vault maps discovered:
D:1:      onia_arrival_zoo_common, layout_rooms, minmay_misc_feat_pillars
D:2:      layout_basic, minmay_misc_feat_four_crosses
D:3:      layout_basic, dreamdust_ecumenical_altar_drowned_temple,
          grunt_ministairs_7, bh_walls_and_bars
D:4:      layout_rooms, grunt_temple_overflow_open,
          minmay_fractal_squares_diagonal_5, uniq_edmund, uniq_sigmund
D:5:      layout_cave_pools, serial_bayou_crossing
D:6:      minmay_general_purpose_star, layout_layer_cave, serial_shops, shop

Skill      XL: |  1  2  3  4  5  6  7  8 |
---------------+-------------------------+-----
Axes           | 3 4 6 7 |  7.3
Armour         | 4 5 6 7 |  7.2
Shields        | 4 5 6 7 |  7.3
Fighting       | 4 5 6 7 |  7.3

Action                     |  1- 3 |  4- 6 |  7- 9 || total
---------------------------+-------+-------+-------++-------
  Melee: War axe           |   110 |   144 |   228 ||   482
  Evoke: Wand              |       |       |     3 ||     3
    Use: Potion            |       |     1 |     8 ||     9
         Scroll            |       |     3 |     4 ||     7
 Armour: Scale mail        |    81 |   137 |       ||   218
         Chain mail        |       |    27 |   218 ||   245
  Dodge: Dodged            |    62 |    96 |    87 ||   245
  Block: Buckler           |    42 |    52 |    40 ||   134

Table legend: (Time is in decaauts)
 A = Elapsed time spent in this place.
 B = Non-inter-level travel time spent in this place.
 C = Inter-level travel time spent in this place.
 D = Time resting spent in this place.
 E = Time spent auto-exploring this place.
 F = Levels seen in this place.
 G = Mean time per level.
                   A        B        C        D        E       F      G
               +--------+--------+--------+--------+--------+-----+--------+
         Total |   5559 |   5480 |     79 |   1081 |   3301 |   6 |  926.5 |
       Dungeon |   5559 |   5480 |     79 |   1081 |   3301 |   6 |  926.5 |
               +--------+--------+--------+--------+--------+-----+--------+

Top non-repeatable levels by time:
     D:3: 1775 daAuts
     D:6: 1334 daAuts
     D:4: 791 daAuts
     D:2: 615 daAuts
     D:1: 527 daAuts
     D:5: 515 daAuts
